 Dungeon Sprint DCSS version 0.27.1-33-g824d729ab1 (webtiles) character file.

Game seed: 15907152363641025991

11899 manyhoops the Wrestler (level 11, -9/128 HPs)
             Began as a Troll Berserker on Nov 29, 2021.
             Was an Elder of Trog.
             Mangled by a 13-headed hydra (11 damage)
             ... while paralysed by a floating eye
             ... in the Dungeon (Sprint I: "Red Sonja").
             The game lasted 00:05:55 (1526 turns).

manyhoops the Wrestler (Troll Berserker)            Turns: 1526, Time: 00:05:55

Health: -9/128     AC:  6    Str: 30    XL:     11   Next: 55%
Magic:  10/10      EV:  1    Int:  5    God:    Trog [****..]
Gold:   354        SH:  0    Dex: 13    Spells: 10/10 levels left

rFire    + . .     SeeInvis .     - Unarmed
rCold    . . .     Faith    .   (no shield)
rNeg     . . .     Spirit   .   a - +0 animal skin
rPois    .         Reflect  .   (helmet restricted)
rElec    .         Harm     .   j - scarf {shadows}
rCorr    .         Rampage  .   (gloves unavailable)
Will     .....     NoTele   +   (boots unavailable)
Stlth    ..........             (no amulet)
HPRegen  1.31/turn              o - ring of Xialui {rF+ Int+2 Dex+4 Stlth-}
MPRegen  0.12/turn              (no ring)

@: paralysed, unable to read
A: large, unfitting armour, claws 3, regeneration 1, shaggy fur 1, tough skin 1,
iridescent scales 1, inability to read while threatened
a: Renounce Religion, Berserk, Trog's Hand, Brothers in Arms


You were in the Dungeon.
You worshipped Trog.
Trog was greatly pleased with you.
You visited 1 branch You collected 1347 gold pieces.
You spent 993 gold pieces at shops.

Inventory:

Armour
 a - a +0 animal skin (worn)
 j - a scarf of shadows (worn)
 s - the +0 robe of the Playwright {MP+9}
   (You bought it in a shop in the Dungeon)

   MP:        It affects your magic capacity (+9).
Jewellery
 o - the ring of Xialui (left claw) {rF+ Int+2 Dex+4 Stlth-}
   (You bought it in a shop in the Dungeon)

   [ring of protection from fire]

   Int:       It affects your intelligence (+2).
   Dex:       It affects your dexterity (+4).
   rF:        It protects you from fire.
   Stlth:     It makes you less stealthy.
Wands
 h - a wand of flame (12)
 k - a wand of paralysis (7)
 r - a wand of digging (5)
Scrolls
 g - a scroll of blinking
 i - 5 scrolls of identify {unknown}
 m - a scroll of vulnerability {unknown}
 n - a scroll of magic mapping {unknown}
Potions
 b - 3 potions of curing
 c - 3 potions of heal wounds
 d - a potion of haste
 e - 2 potions of magic
 f - a potion of berserk rage
 l - a potion of flight
 p - 2 potions of lignification
 q - a potion of might


   Skills:
 + Level 13.6 Fighting
 - Level 2.4 Dodging
 + Level 21.9 Unarmed Combat


You had 10 spell levels left.
You didn't know any spells.
Your spell library was empty.

Dungeon Overview and Level Annotations

Branches:
Dungeon (1/1)

Altars:
Cheibriados
Dithmenos
Elyvilon
Fedhas
Gozag
Hepliaklqana
Kikubaaqudgha
Makhleb
Nemelex Xobeh
Okawaru
Qazlal
Ru
Sif Muna
Trog
Uskayaw
Vehumet
Wu Jian
Xom
Yredelemnul
Zin
The Shining One
Jiyva
Lugonu

Shops:
D :=!?:[!=*![!(![[(*?[?


Innate Abilities, Weirdness & Mutations

You are too large for most types of armour.
You have claws for hands.
Your natural rate of healing is unusually fast.
You are covered in fur. (AC +1)
You have tough skin. (AC +1)
You are partially covered in iridescent scales. (AC +2)
You sometimes lose the ability to read scrolls when taking damage.


Message History

Something bites your ogre. Something barely misses your ogre.
Something bites your ogre. Something bites your ogre! x2
Something barely misses your ogre. Something bites your ogre!
Your ogre dies!
Your ogre's corpse disappears in a puff of smoke!
Unknown command.
Your troll goes berserk!
The 13-headed hydra barely misses you. The 13-headed hydra bites you! x2
The 13-headed hydra bites you but does no damage. x2
The 13-headed hydra closely misses you.
The 13-headed hydra bites you but does no damage.
The 13-headed hydra closely misses you. The 13-headed hydra bites you!
The 13-headed hydra barely misses you. The 13-headed hydra bites you!
You feel threatened and lose the ability to read scrolls!
The 13-headed hydra closely misses you. x2
Your ogre goes berserk!
Trog will no longer gift you weapons. The 13-headed hydra bites you!
The 13-headed hydra barely misses you.
The 13-headed hydra bites you! x4; The 13-headed hydra bites you.
* * * LOW HITPOINT WARNING * * *
The 13-headed hydra closely misses you. The 13-headed hydra barely misses you.
The 13-headed hydra bites you but does no damage.
The 13-headed hydra bites you.
* * * LOW HITPOINT WARNING * * *
The 13-headed hydra bites you!
* * * LOW HITPOINT WARNING * * *
The 13-headed hydra closely misses you.
The floating eye gazes piercingly through you!
You suddenly lose the ability to move!
The 13-headed hydra bites you but does no damage.
The 13-headed hydra bites you.
* * * LOW HITPOINT WARNING * * *
The 13-headed hydra bites you.
* * * LOW HITPOINT WARNING * * *
The 13-headed hydra bites you!
* * * LOW HITPOINT WARNING * * *
The 13-headed hydra bites you.
* * * LOW HITPOINT WARNING * * *
The 13-headed hydra bites you!
You die...

########################
.'...#)(#.§§)§§T.G..'§$#
.#)..##'#.####§§@DO##$.+
##..)§§§#§# ##§§.## ##
(#####§§'.# ###+#
§#..##+#### #.# §'..#...
#.. §#..#..^○ ##.
###'###..° .#
###.'.#°°○# ##
#.###.#○.##


You could see a 13-headed hydra (ally target), a floating eye (ally target), a
friendly troll (summoned, berserk) and a friendly ogre (summoned, berserk).

Vanquished Creatures
  2 centaur warriors (D)
  Sonja (D)
  A deep troll (D)
  5 shining eyes (D)
  An oklob plant (D)
  A lindwurm (D)
  A gargoyle (D)
  2 unseen horrors (D)
  2 kobold demonologists (D)
  4 demonic crawlers (D)
  A hornet (D)
  A slime creature (D)
  Sigmund (D)
  2 redbacks (D)
  A yak (D)
  13 hogs (D)
  4 floating eyes (D)
  An ogre (D)
  7 necrophages (D)
  8 jellies (D)
  Ijyb (D)
  A ballistomycete spore (D)
61 creatures vanquished.

Vanquished Creatures (collateral kills)
  3 shining eyes (D)
  2 floating eyes (D)
5 creatures vanquished.

Vanquished Creatures (others)
  A gargoyle (D)
  A ballistomycete spore (D)
2 creatures vanquished.

Grand Total: 68 creatures vanquished

Notes
Turn   | Place    | Note
-------+----------+-------------------------------------------
     0 | D        | manyhoops the Troll Berserker began the quest for the Orb.
     0 | D        | Reached XP level 1. HP: 22/22 MP: 0/0
     1 | D        | Noticed Ijyb
     9 | D        | Killed Ijyb
    10 | D        | Reached skill level 5 in Unarmed Combat
    10 | D        | Reached XP level 2. HP: 32/32 MP: 1/1
    50 | D        | Noticed an ogre
    53 | D        | Killed an ogre
    54 | D        | Reached skill level 5 in Fighting
    54 | D        | Reached skill level 7 in Unarmed Combat
    54 | D        | Reached XP level 3. HP: 42/44 MP: 2/2
    54 | D        | Reached XP level 4. HP: 49/52 MP: 3/3
    97 | D        | Noticed Sigmund
   107 | D        | Killed Sigmund
   107 | D        | Reached ** piety under Trog
   108 | D        | Reached skill level 9 in Unarmed Combat
   108 | D        | Reached XP level 5. HP: 62/62 MP: 4/4
   151 | D        | Found an ornate altar of the Wu Jian Council.
   151 | D        | Found a shimmering blue altar of Sif Muna.
   153 | D        | Found a radiant altar of Vehumet.
   157 | D        | Reached XP level 6. HP: 72/72 MP: 5/5
   204 | D        | Found Ennikuev's Magic Scroll Emporium.
   204 | D        | Found an ancient bone altar of Kikubaaqudgha.
   204 | D        | Found a hazy altar of Hepliaklqana.
   204 | D        | Found a stormy altar of Qazlal.
   204 | D        | Found a hide-covered altar of Uskayaw.
   204 | D        | Found a blossoming altar of Fedhas.
   204 | D        | Found a bloodstained altar of Trog.
   204 | D        | Found an iron altar of Okawaru.
   204 | D        | Found a basalt altar of Yredelemnul.
   204 | D        | Found a glowing golden altar of the Shining One.
   204 | D        | Found a snail-covered altar of Cheibriados.
   204 | D        | Found a sacrificial altar of Ru.
   204 | D        | Found a glowing silver altar of Zin.
   204 | D        | Found a shadowy altar of Dithmenos.
   204 | D        | Found a white marble altar of Elyvilon.
   204 | D        | Noticed a yak
   211 | D        | Killed a yak
   212 | D        | Reached skill level 11 in Unarmed Combat
   212 | D        | Found an opulent altar of Gozag.
   213 | D        | Found a sparkling altar of Nemelex Xobeh.
   217 | D        | Killed a gargoyle
   284 | D        | Found a burning altar of Makhleb.
   284 | D        | Found a viscous altar of Jiyva.
   284 | D        | Found a shimmering altar of Xom.
   284 | D        | Found a corrupted altar of Lugonu.
   284 | D        | Noticed a slime creature
   292 | D        | Killed a slime creature
   292 | D        | Reached *** piety under Trog
   293 | D        | Reached XP level 7. HP: 83/83 MP: 6/6
   338 | D        | Noticed a kobold demonologist
   339 | D        | Noticed a kobold demonologist
   341 | D        | Noticed a rust devil
   344 | D        | Killed a kobold demonologist
   345 | D        | Reached skill level 12 in Unarmed Combat
   347 | D        | Reached skill level 10 in Fighting
   347 | D        | Reached skill level 13 in Unarmed Combat
   347 | D        | Reached XP level 8. HP: 93/93 MP: 7/7
   347 | D        | Killed a kobold demonologist
   347 | D        | Reached **** piety under Trog
   395 | D        | Noticed a centaur warrior
   395 | D        | Noticed a centaur warrior
   402 | D        | Killed a centaur warrior
   403 | D        | Reached skill level 15 in Unarmed Combat
   409 | D        | Killed a centaur warrior
   410 | D        | Reached skill level 16 in Unarmed Combat
   410 | D        | Reached XP level 9. HP: 75/106 MP: 8/8
   511 | D        | Noticed a deep troll
   515 | D        | Killed a deep troll
   560 | D        | Found Ufubar's Armour Emporium.
   565 | D        | Bought a scarf of shadows for 156 gold pieces
   590 | D        | Reached ***** piety under Trog
   724 | D        | Noticed an oklob plant
   728 | D        | Killed an oklob plant
   729 | D        | Reached skill level 17 in Unarmed Combat
   778 | D        | Reached XP level 10. HP: 117/117 MP: 9/9
   825 | D        | Received a gift from Trog
   872 | D        | Reached skill level 18 in Unarmed Combat
   943 | D        | Received a gift from Trog
   987 | D        | Found Gemn's Jewellery Shoppe.
   987 | D        | Found Ustas's Distillery.
   987 | D        | Found Rerelius's Assorted Antiques.
   989 | D        | Found Zouwki's Distillery.
   989 | D        | Found Kuoppaxa's Armour Shop.
   989 | D        | Found Himiwki's Distillery.
   989 | D        | Found Xexem's Weapon Boutique.
   989 | D        | Found Udeph's Distillery.
   989 | D        | Found Quisue's Armour Shop.
   990 | D        | Bought the ring of Xialui {rF+ Int+2 Dex+4 Stlth-} for 475
                  | gold pieces
   992 | D        | Bought a potion of heal wounds for 55 gold pieces
   992 | D        | Bought a potion of heal wounds for 55 gold pieces
   993 | D        | Found Xepofu's Armour Shoppe.
   994 | D        | Found Igrisk's Antique Weapon Boutique.
   995 | D        | Found Uwor's Magic Scroll Emporium.
   995 | D        | Found Ustonu's Assorted Antiques.
   996 | D        | Found Nufourem's Magic Scroll Emporium.
   998 | D        | Bought a potion of lignification for 36 gold pieces
   998 | D        | Bought a potion of lignification for 36 gold pieces
  1000 | D        | Bought a potion of might for 44 gold pieces
  1054 | D        | Reached ****** piety under Trog
  1057 | D        | Received a gift from Trog
  1061 | D        | Reached skill level 19 in Unarmed Combat
  1194 | D        | Noticed a gargoyle
  1206 | D        | Killed a gargoyle
  1262 | D        | Noticed Sonja
  1266 | D        | Killed Sonja
  1283 | D        | Found Qonneazo's Book Boutique.
  1344 | D        | Noticed a shining eye
  1344 | D        | Noticed a shining eye
  1344 | D        | Noticed a shining eye
  1344 | D        | Noticed a shining eye
  1344 | D        | Gained mutation: You sometimes lose the ability to read
                  | scrolls when taking damage. [a shining eye]
  1345 | D        | Killed a shining eye
  1346 | D        | Reached skill level 20 in Unarmed Combat
  1346 | D        | Noticed a shining eye
  1346 | D        | Noticed a shining eye
  1349 | D        | Killed a shining eye
  1349 | D        | Killed a shining eye
  1350 | D        | Reached XP level 11. HP: 127/127 MP: 10/10
  1353 | D        | Killed a shining eye
  1353 | D        | Received a gift from Trog
  1353 | D        | Killed a shining eye
  1354 | D        | Noticed a shining eye
  1354 | D        | Noticed a shining eye
  1356 | D        | Killed a shining eye
  1357 | D        | Gained mutation: You are partially covered in iridescent
                  | scales. (AC +2) [a shining eye]
  1360 | D        | Killed a shining eye
  1362 | D        | Killed a shining eye
  1363 | D        | Reached skill level 21 in Unarmed Combat
  1395 | D        | Found Vuiddoun's Book Shop.
  1395 | D        | Found Cutsynn's Jewellery Shoppe.
  1395 | D        | Found Vomn's Antique Armour Boutique.
  1395 | D        | Found Peosch's Distillery.
  1403 | D        | Bought a twisted robe for 136 gold pieces
  1403 | D        | Identified the +0 robe of the Playwright {MP+9} (You bought
                  | it in a shop in the Dungeon)
  1456 | D        | Noticed a lindwurm
  1458 | D        | Killed a lindwurm
  1473 | D        | Received a gift from Trog
  1488 | D        | Received a gift from Trog
  1518 | D        | Noticed a 12-headed hydra
  1525 | D        | Paralysed by a floating eye for 4 turns
  1526 | D        | HP: 2/128 [13-headed hydra (5)]
  1526 | D        | Mangled by a 13-headed hydra

Illustrated notes

Levels and vault maps discovered:
D:        dungeon_sprint_1 [red_sonja_temple_1, red_sonja_temple_small_1]

Skill      XL: |  1  2  3  4  5  6  7  8  9 10 11 |
---------------+----------------------------------+-----
Fighting       | 4 5 7 9 10 11 12 13 | 13.6
Unarmed Combat | 5 7 9 11 13 16 17 20 21 | 21.9
Dodging        | |  2.4

Action                   |  1- 3 |  4- 6 |  7- 9 | 10-12 || total
-------------------------+-------+-------+-------+-------++-------
Melee: Unarmed           |     8 |    22 |    35 |    90 ||   155
       Punch             |     1 |     1 |     3 |    15 ||    20
Invok: Berserk           |     2 |     4 |     6 |     4 ||    16
       Trog's Hand       |       |       |     2 |     1 ||     3
       Brothers in Arms  |       |       |       |     8 ||     8
  Use: Potion            |       |       |       |     3 ||     3
Armor: Animal skin       |     1 |       |     6 |    21 ||    28
       Skin              |       |       |       |    23 ||    23
Dodge: Dodged            |     1 |     6 |     4 |    30 ||    41
